Connexion

Eagles vs Wolves

Created - 7 février 2024 at 05:50

Goals
1 2 3 OT1 T
Eagles 2 2 1 1 6
Wolves 2 1 2 0 5
Shots
1 2 3 OT1 T
Eagles 9 13 21 1 44
Wolves 11 13 11 0 35

GoalsPenalties
1st period
1. Wolves , Jamie Devane 19 (Tanner Kero 34) at 3:43
2. Wolves , Gregory Hofmann 19 (Mitchell Vande Sompel 37, Jack Rodewald 27) at 16:39
3. Eagles , Brayden Burke 21 (Tyler Bozak 23) at 17:20
4. Eagles , Cooper Marody 29 (Luke Glendening 13) at 17:43
Scott Kosmachuk (CHI) for Interference (Minor) at 10:16
Mark Jankowski (CHI) for Tripping (Minor) at 12:52
2nd period
5. Wolves , Jack Rodewald 18 (Gregory Hofmann 32, Brett Seney 32) at 0:37
6. Eagles , Leo Komarov 16 (Marc-Edouard Vlasic 26, Cooper Marody 35) at 3:19
7. Eagles , Leo Komarov 17 (Luke Glendening 14, Mark Giordano 27) at 4:12
Mark Jankowski (CHI) for Hooking (Minor) at 7:31
3rd period
8. Wolves , Garrett Mitchell 25 (Jamie Devane 23) at 7:42
9. Eagles , Cooper Marody 30 (Luke Glendening 15, Mark Giordano 28) at 8:29 (PP)
10. Wolves , Brett Seney 32 (Jack Rodewald 28, Tommy Cross 30) at 11:26
Radim Simek (CHI) for Holding (Minor) at 2:53
Jamie Devane (CHI) for High sticking (Minor) at 8:22
Overtime #1
11. Eagles , Leo Komarov 18 (Daniel Audette 13, Dan Renouf 29) at 0:16
No Penalty
Goalie Stats
Cory Schneider (COL), 30 saves from 35 shots - (0,857), W, 29-25-9, 60:17 minutes
Felix Sandström (CHI), 38 saves from 44 shots - (0,864), OTL, 30-16-8, 60:17 minutes
3 StarsOfficial
1 - Leo Komarov (COL)
2 - Cooper Marody (COL)
3 - Jack Rodewald (CHI)
Referees : Chris Rooney and Dan O'Halloran
Linesman : Mark Shewchyk and Lonnie Cameron
Game Note
Leo Komarov has scored a Hat Trick!
Finance
Level 1 -- Attendance: 896 (44,80%) -- Ticket Income $53,760
Level 2 -- Attendance: 322 (32,20%) -- Ticket Income $16,100
Total Attendance: 1218 (40,60%)
Total Ticket Income: $69,860
Other Income: $13,972
Total Income: $83,832



Team Name Goals Shots Shots Attemp Shots Blocked PIM HIT PP PK FO%
Eagles 6448680271 / 5 (20%)063%
Wolves 535661310240 / 0 (0,00%137%

Eagles
Player Name POS G A P +/- PIM HIT SHT SB MP PP MP PP SHT PK MP PK SHT FO% FOT
Branden TroockRW0001013015:030:0000:00050% 2
Brayden BurkeC/LW/RW1011024015:030:0000:000100% 1
Cooper MarodyC/RW2131005019:233:3910:000100% 1
Dan RenoufD011-1012223:254:0220:0000% 0
Daniel AudetteC011000005:310:0000:0000% 4
Danil ZhuravlyovD0002000015:350:0000:0000% 0
David GustafssonC000-2003020:204:2420:00057% 23
Jacob PetersonC/LW000-2004020:204:2410:0000% 2
Leo KomarovLW3032088019:403:3900:0000% 3
Luke GlendeningC/RW0330036023:593:3910:00069% 32
Marc-Edouard VlasicD011-1011121:174:0110:0000% 0
Mark GiordanoD022-2000323:084:0200:0000% 0
Matej PaulovicLW000-101005:140:0000:0000% 0
Niklas HanssonD0002000115:350:0000:0000% 0
Radek FaksaC000000010:380:0000:0000% 1
Ty EmbersonD000-1042021:174:0110:0000% 0
Tyler BozakC0111002015:030:0000:00083% 23
William LockwoodRW000-2064020:204:2400:000100% 3
Wolves
Player Name POS G A P +/- PIM HIT SHT SB MP PP MP PP SHT PK MP PK SHT FO% FOT
Adam HelewkaLW000000215:200:0000:00050% 2
Artur GavrusC/LW0000025010:390:0000:0000% 0
Brett SeneyLW1120001123:590:0004:31020% 10
David CottonC000-100107:110:0001:34067% 9
Garrett MitchellRW1011003016:300:0000:0000% 2
Gregory HofmannC/LW1120016123:300:0004:02025% 28
Jack RodewaldRW1230042022:070:0002:39060% 5
Jamie DevaneLW1121231016:290:0000:0000% 2
Jens LookeLW/RW000000206:010:0000:4100% 0
Louie BelpedioD0002041015:500:0001:0000% 0
Mark JankowskiC0000401010:370:0000:00045% 11
Matt TennysonD000-2030220:420:0004:3600% 0
Mitchell Vande SompelD0111003124:170:0003:1610% 0
Radim SimekD0000240323:550:0002:3800% 0
Ryan StantonD000-2020320:420:0004:3600% 0
Scott KosmachukRW0000201010:380:0000:000100% 1
Tanner KeroC/LW0110005119:260:0002:39040% 25
Tommy CrossD0112011014:500:0000:0000% 0



Play-by-Play

1st period


0:01 of 1st period - Luke Glendening wins face-off versus Gregory Hofmann in neutral zone.
0:26 of 1st period - Shot by Jack Rodewald.
0:26 of 1st period - Shot Blocked by Dan Renouf.
0:34 of 1st period - Shot by Gregory Hofmann.
0:34 of 1st period - Stopped by Cory Schneider without a rebound.
0:35 of 1st period - David Gustafsson wins face-off versus Garrett Mitchell in Eagles zone.
0:39 of 1st period - William Lockwood is hit by Jamie Devane and loses puck.
0:53 of 1st period - Ryan Stanton is hit by Ty Emberson and loses puck.
1:42 of 1st period - Shot by Artur Gavrus.
1:42 of 1st period - Stopped by Cory Schneider without a rebound.
1:43 of 1st period - Tyler Bozak wins face-off versus David Cotton in Eagles zone.
2:12 of 1st period - Shot by Brayden Burke.
2:12 of 1st period - Deflect By Branden Troock.
2:12 of 1st period - Shot Blocked by Adam Helewka.
2:46 of 1st period - Icing by Mitchell Vande Sompel.
2:47 of 1st period - David Cotton wins face-off versus Luke Glendening in Wolves zone.
2:47 of 1st period - David Cotton is hit by Matej Paulovic.
3:39 of 1st period - Icing by Daniel Audette.
3:40 of 1st period - Tanner Kero wins face-off versus Daniel Audette in Eagles zone.
3:43 of 1st period - Shot by Jamie Devane.
3:43 of 1st period - Goal by Jamie Devane - Eagles : 0 - Wolves : 1.
3:44 of 1st period - David Gustafsson wins face-off versus Gregory Hofmann in neutral zone.
3:55 of 1st period - Shot by Jacob Peterson.
3:55 of 1st period - Stopped by Felix Sandström with a rebound.
3:57 of 1st period - Shot by William Lockwood.
3:57 of 1st period - Stopped by Felix Sandström with a rebound.
4:03 of 1st period - Shot by Jacob Peterson.
4:03 of 1st period - Deflect By David Gustafsson.
4:03 of 1st period - Shot Misses the Net.
4:15 of 1st period - Shot by David Gustafsson.
4:15 of 1st period - Deflect By William Lockwood.
4:15 of 1st period - Stopped by Felix Sandström without a rebound.
4:16 of 1st period - Tyler Bozak wins face-off versus Jamie Devane in Wolves zone.
4:16 of 1st period - Branden Troock is hit by Ryan Stanton and loses puck.
4:31 of 1st period - Shot by Jamie Devane.
4:31 of 1st period - Deflect By Tanner Kero.
4:31 of 1st period - Shot Misses the Net.
4:33 of 1st period - Shot by Jamie Devane.
4:33 of 1st period - Shot Misses the Net.
4:39 of 1st period - Shot by Tanner Kero.
4:39 of 1st period - Shot Misses the Net.
4:41 of 1st period - Shot by Tanner Kero.
4:41 of 1st period - Stopped by Cory Schneider without a rebound.
4:42 of 1st period - Luke Glendening wins face-off versus Mark Jankowski in Eagles zone.
4:49 of 1st period - Shot by Tommy Cross.
4:49 of 1st period - Stopped by Cory Schneider without a rebound.
4:50 of 1st period - Luke Glendening wins face-off versus Gregory Hofmann in Eagles zone.
5:35 of 1st period - Cooper Marody is hit by Gregory Hofmann and loses puck.
6:35 of 1st period - Icing by Artur Gavrus.
6:36 of 1st period - Mark Jankowski wins face-off versus Tyler Bozak in Wolves zone.
6:45 of 1st period - Shot by Branden Troock.
6:45 of 1st period - Stopped by Felix Sandström without a rebound.
6:46 of 1st period - Tyler Bozak wins face-off versus Jamie Devane in Wolves zone.
7:12 of 1st period - Louie Belpedio is hit by Brayden Burke and loses puck.
7:33 of 1st period - Icing by Danil Zhuravlyov.
7:34 of 1st period - Brett Seney wins face-off versus Tyler Bozak in Eagles zone.
7:54 of 1st period - Shot by Gregory Hofmann.
7:54 of 1st period - Shot Blocked by Mark Giordano.
7:56 of 1st period - Shot by Ryan Stanton.
7:56 of 1st period - Shot Misses the Net.
8:24 of 1st period - Shot by Luke Glendening.
8:24 of 1st period - Stopped by Felix Sandström without a rebound.
8:25 of 1st period - Adam Helewka wins face-off versus Jacob Peterson in Wolves zone.
8:25 of 1st period - Adam Helewka is hit by William Lockwood.
8:39 of 1st period - Shot by Jens Looke.
8:39 of 1st period - Stopped by Cory Schneider without a rebound.
8:40 of 1st period - Tanner Kero wins face-off versus Daniel Audette in Eagles zone.
8:46 of 1st period - Icing by Ty Emberson.
8:47 of 1st period - Luke Glendening wins face-off versus Tanner Kero in Eagles zone.
8:52 of 1st period - Shot by Mitchell Vande Sompel.
8:52 of 1st period - Stopped by Cory Schneider without a rebound.
8:53 of 1st period - David Gustafsson wins face-off versus Tanner Kero in Eagles zone.
9:04 of 1st period - Shot by Garrett Mitchell.
9:04 of 1st period - Stopped by Cory Schneider with a rebound.
9:06 of 1st period - Shot by Mitchell Vande Sompel.
9:06 of 1st period - Shot Blocked by Mark Giordano.
9:08 of 1st period - Shot by Mitchell Vande Sompel.
9:08 of 1st period - Deflect By Tanner Kero.
9:08 of 1st period - Shot Misses the Net.
9:10 of 1st period - Shot by Garrett Mitchell.
9:10 of 1st period - Shot Blocked by Dan Renouf.
9:12 of 1st period - Shot by Tanner Kero.
9:12 of 1st period - Deflect By Garrett Mitchell.
9:12 of 1st period - Shot Blocked by Mark Giordano.
9:18 of 1st period - Shot by Tanner Kero.
9:18 of 1st period - Shot Misses the Net.
9:28 of 1st period - Shot by Garrett Mitchell.
9:28 of 1st period - Deflect By Tanner Kero.
9:28 of 1st period - Shot Misses the Net.
9:30 of 1st period - Shot by Tanner Kero.
9:30 of 1st period - Stopped by Cory Schneider without a rebound.
9:31 of 1st period - Gregory Hofmann wins face-off versus Leo Komarov in Eagles zone.
9:31 of 1st period - Jack Rodewald is hit by Marc-Edouard Vlasic and loses puck.
9:52 of 1st period - Gregory Hofmann is hit by Ty Emberson and loses puck.
9:58 of 1st period - Brett Seney is hit by Ty Emberson and loses puck.
10:16 of 1st period - Minor Penalty to Scott Kosmachuk for Interference.
10:17 of 1st period - David Gustafsson wins face-off versus Brett Seney in Wolves zone.
11:16 of 1st period - Shot by Marc-Edouard Vlasic.
11:16 of 1st period - Stopped by Felix Sandström without a rebound.
11:17 of 1st period - Luke Glendening wins face-off versus Brett Seney in Wolves zone.
12:52 of 1st period - Minor Penalty to Mark Jankowski for Tripping.
12:53 of 1st period - Jack Rodewald wins face-off versus Luke Glendening in Wolves zone.
13:05 of 1st period - Icing by Mark Giordano.
13:06 of 1st period - Luke Glendening wins face-off versus Jack Rodewald in Eagles zone.
13:06 of 1st period - Luke Glendening is hit by Jack Rodewald.
13:30 of 1st period - Mitchell Vande Sompel is hit by Leo Komarov and loses puck.
15:55 of 1st period - Shot by Jacob Peterson.
15:55 of 1st period - Deflect By David Gustafsson.
15:55 of 1st period - Shot Misses the Net.
16:01 of 1st period - Shot by Garrett Mitchell.
16:01 of 1st period - Shot Misses the Net.
16:39 of 1st period - Shot by Gregory Hofmann.
16:39 of 1st period - Goal by Gregory Hofmann - Eagles : 0 - Wolves : 2.
16:40 of 1st period - David Cotton wins face-off versus Daniel Audette in neutral zone.
17:01 of 1st period - Radim Simek is hit by Luke Glendening and loses puck.
17:08 of 1st period - Shot by Mitchell Vande Sompel.
17:08 of 1st period - Stopped by Cory Schneider without a rebound.
17:09 of 1st period - Tyler Bozak wins face-off versus Gregory Hofmann in Eagles zone.
17:18 of 1st period - Shot by Tyler Bozak.
17:18 of 1st period - Deflect By Branden Troock.
17:18 of 1st period - Stopped by Felix Sandström without a rebound.
17:19 of 1st period - Tyler Bozak wins face-off versus Tanner Kero in Wolves zone.
17:20 of 1st period - Shot by Brayden Burke.
17:20 of 1st period - Goal by Brayden Burke - Eagles : 1 - Wolves : 2.
17:21 of 1st period - Luke Glendening wins face-off versus Gregory Hofmann in neutral zone.
17:41 of 1st period - Shot by Cooper Marody.
17:41 of 1st period - Shot Blocked by Ryan Stanton.
17:43 of 1st period - Shot by Cooper Marody.
17:43 of 1st period - Goal by Cooper Marody - Eagles : 2 - Wolves : 2.
17:44 of 1st period - Tyler Bozak wins face-off versus Garrett Mitchell in neutral zone.
18:02 of 1st period - Shot by Tanner Kero.
18:02 of 1st period - Shot Misses the Net.
18:58 of 1st period - Icing by Ryan Stanton.
18:59 of 1st period - Gregory Hofmann wins face-off versus Jacob Peterson in Wolves zone.
Goals for this period are 2 for Eagles vs 2 for Wolves.
Shots for this period are 9 for Eagles vs 11 for Wolves.

2nd period


0:01 of 2nd period - Luke Glendening wins face-off versus Gregory Hofmann in neutral zone.
0:04 of 2nd period - Shot by Cooper Marody.
0:04 of 2nd period - Shot Misses the Net.
0:35 of 2nd period - Shot by Brett Seney.
0:35 of 2nd period - Shot Misses the Net.
0:37 of 2nd period - Shot by Gregory Hofmann.
0:37 of 2nd period - Deflect By Jack Rodewald.
0:37 of 2nd period - Goal by Jack Rodewald - Eagles : 2 - Wolves : 3.
0:38 of 2nd period - Tanner Kero wins face-off versus David Gustafsson in neutral zone.
0:38 of 2nd period - Tanner Kero is hit by William Lockwood.
0:50 of 2nd period - Shot by Jamie Devane.
0:50 of 2nd period - Shot Misses the Net.
1:03 of 2nd period - Shot by Jacob Peterson.
1:03 of 2nd period - Shot Misses the Net.
1:15 of 2nd period - Shot by Jacob Peterson.
1:15 of 2nd period - Stopped by Felix Sandström without a rebound.
1:16 of 2nd period - Tyler Bozak wins face-off versus Mark Jankowski in Wolves zone.
1:43 of 2nd period - Shot by Mark Jankowski.
1:43 of 2nd period - Shot Hit the Post.
1:45 of 2nd period - Shot by Artur Gavrus.
1:45 of 2nd period - Stopped by Cory Schneider with a rebound.
1:55 of 2nd period - Shot by Artur Gavrus.
1:55 of 2nd period - Stopped by Cory Schneider with a rebound.
2:19 of 2nd period - Shot by Cooper Marody.
2:19 of 2nd period - Shot Misses the Net.
2:21 of 2nd period - Shot by Luke Glendening.
2:21 of 2nd period - Shot Blocked by Gregory Hofmann.
2:27 of 2nd period - Shot by Cooper Marody.
2:27 of 2nd period - Stopped by Felix Sandström without a rebound.
2:28 of 2nd period - William Lockwood wins face-off versus Tanner Kero in Wolves zone.
2:33 of 2nd period - Shot by David Gustafsson.
2:33 of 2nd period - Stopped by Felix Sandström without a rebound.
2:34 of 2nd period - Luke Glendening wins face-off versus Tanner Kero in Wolves zone.
2:35 of 2nd period - Shot by Leo Komarov.
2:35 of 2nd period - Shot Misses the Net.
2:45 of 2nd period - Shot by Tanner Kero.
2:45 of 2nd period - Stopped by Cory Schneider without a rebound.
2:46 of 2nd period - David Gustafsson wins face-off versus Gregory Hofmann in Eagles zone.
2:51 of 2nd period - Shot by Gregory Hofmann.
2:51 of 2nd period - Stopped by Cory Schneider without a rebound.
2:52 of 2nd period - Gregory Hofmann wins face-off versus Luke Glendening in Eagles zone.
2:52 of 2nd period - Gregory Hofmann is hit by Ty Emberson.
2:57 of 2nd period - Icing by Ty Emberson.
2:58 of 2nd period - Luke Glendening wins face-off versus Gregory Hofmann in Eagles zone.
3:09 of 2nd period - Shot by Luke Glendening.
3:09 of 2nd period - Shot Misses the Net.
3:11 of 2nd period - Shot by Cooper Marody.
3:11 of 2nd period - Shot Misses the Net.
3:19 of 2nd period - Shot by Leo Komarov.
3:19 of 2nd period - Goal by Leo Komarov - Eagles : 3 - Wolves : 3.
3:20 of 2nd period - David Gustafsson wins face-off versus Tanner Kero in neutral zone.
3:27 of 2nd period - Shot by Tanner Kero.
3:27 of 2nd period - Stopped by Cory Schneider without a rebound.
3:28 of 2nd period - Tanner Kero wins face-off versus Luke Glendening in Eagles zone.
3:44 of 2nd period - Icing by Radim Simek.
3:45 of 2nd period - Tanner Kero wins face-off versus David Gustafsson in Wolves zone.
3:50 of 2nd period - Shot by Jacob Peterson.
3:50 of 2nd period - Stopped by Felix Sandström without a rebound.
3:51 of 2nd period - Gregory Hofmann wins face-off versus Luke Glendening in Wolves zone.
4:12 of 2nd period - Shot by Leo Komarov.
4:12 of 2nd period - Goal by Leo Komarov - Eagles : 4 - Wolves : 3.
4:13 of 2nd period - Tanner Kero wins face-off versus David Gustafsson in neutral zone.
5:00 of 2nd period - Ty Emberson is hit by Radim Simek and loses puck.
5:29 of 2nd period - Off-side.
5:30 of 2nd period - Luke Glendening wins face-off versus Gregory Hofmann in neutral zone.
5:40 of 2nd period - Cooper Marody is hit by Matt Tennyson and loses puck.
5:47 of 2nd period - Jack Rodewald is hit by Luke Glendening and loses puck.
5:51 of 2nd period - Icing by Jack Rodewald.
5:52 of 2nd period - Tyler Bozak wins face-off versus Gregory Hofmann in Wolves zone.
5:52 of 2nd period - Tyler Bozak is hit by Ryan Stanton.
5:56 of 2nd period - Shot by Brayden Burke.
5:56 of 2nd period - Shot Misses the Net.
6:43 of 2nd period - Shot by Cooper Marody.
6:43 of 2nd period - Stopped by Felix Sandström without a rebound.
6:44 of 2nd period - David Cotton wins face-off versus Luke Glendening in Wolves zone.
6:58 of 2nd period - Shot by Adam Helewka.
6:58 of 2nd period - Stopped by Cory Schneider without a rebound.
6:59 of 2nd period - Mark Jankowski wins face-off versus Daniel Audette in Eagles zone.
6:59 of 2nd period - Scott Kosmachuk is hit by Dan Renouf.
7:31 of 2nd period - Minor Penalty to Mark Jankowski for Hooking.
7:32 of 2nd period - David Gustafsson wins face-off versus Brett Seney in Wolves zone.
8:12 of 2nd period - Shot by Jacob Peterson.
8:12 of 2nd period - Stopped by Felix Sandström with a rebound.
8:22 of 2nd period - Shot by Cooper Marody.
8:22 of 2nd period - Shot Misses the Net.
8:30 of 2nd period - Shot by Dan Renouf.
8:30 of 2nd period - Stopped by Felix Sandström with a rebound.
8:32 of 2nd period - Shot by Cooper Marody.
8:32 of 2nd period - Shot Blocked by Brett Seney.
8:34 of 2nd period - Shot by Mark Giordano.
8:34 of 2nd period - Shot Blocked by Ryan Stanton.
8:37 of 2nd period - Cooper Marody is hit by Matt Tennyson and loses puck.
9:12 of 2nd period - David Gustafsson is hit by Radim Simek.
9:14 of 2nd period - Shot by Ty Emberson.
9:14 of 2nd period - Stopped by Felix Sandström without a rebound.
9:15 of 2nd period - Jack Rodewald wins face-off versus Luke Glendening in Wolves zone.
9:26 of 2nd period - Shot by Mitchell Vande Sompel.
9:26 of 2nd period - Stopped by Cory Schneider without a rebound.
9:27 of 2nd period - Jack Rodewald wins face-off versus David Gustafsson in Eagles zone.
9:41 of 2nd period - Brayden Burke is hit by Louie Belpedio and loses puck.
10:09 of 2nd period - Shot by Brayden Burke.
10:09 of 2nd period - Deflect By Branden Troock.
10:09 of 2nd period - Shot Misses the Net.
11:57 of 2nd period - Shot by William Lockwood.
11:57 of 2nd period - Shot Misses the Net.
12:31 of 2nd period - Shot by Branden Troock.
12:31 of 2nd period - Shot Misses the Net.
12:45 of 2nd period - Shot by Tyler Bozak.
12:45 of 2nd period - Stopped by Felix Sandström with a rebound.
12:47 of 2nd period - Shot by Brayden Burke.
12:47 of 2nd period - Stopped by Felix Sandström without a rebound.
12:48 of 2nd period - Mark Jankowski wins face-off versus Radek Faksa in Wolves zone.
12:48 of 2nd period - Mark Jankowski is hit by Leo Komarov.
12:54 of 2nd period - Cooper Marody is hit by Artur Gavrus and loses puck.
13:01 of 2nd period - Shot by Scott Kosmachuk.
13:01 of 2nd period - Shot Misses the Net.
13:03 of 2nd period - Shot by Mark Jankowski.
13:03 of 2nd period - Stopped by Cory Schneider with a rebound.
13:05 of 2nd period - Shot by Radim Simek.
13:05 of 2nd period - Shot Blocked by Radek Faksa.
13:46 of 2nd period - Icing by Dan Renouf.
13:47 of 2nd period - David Cotton wins face-off versus Tyler Bozak in Eagles zone.
14:21 of 2nd period - Shot by Adam Helewka.
14:21 of 2nd period - Stopped by Cory Schneider without a rebound.
14:22 of 2nd period - Luke Glendening wins face-off versus Gregory Hofmann in Eagles zone.
14:42 of 2nd period - Luke Glendening is hit by Tommy Cross and loses puck.
15:19 of 2nd period - Garrett Mitchell is hit by William Lockwood and loses puck.
17:02 of 2nd period - Shot by Artur Gavrus.
17:02 of 2nd period - Shot Misses the Net.
18:02 of 2nd period - Shot by Jack Rodewald.
18:02 of 2nd period - Shot Misses the Net.
18:04 of 2nd period - Shot by Jack Rodewald.
18:04 of 2nd period - Stopped by Cory Schneider without a rebound.
18:05 of 2nd period - David Cotton wins face-off versus David Gustafsson in Eagles zone.
18:08 of 2nd period - Shot by David Cotton.
18:08 of 2nd period - Shot Misses the Net.
18:32 of 2nd period - Shot by David Cotton.
18:32 of 2nd period - Stopped by Cory Schneider without a rebound.
18:33 of 2nd period - Scott Kosmachuk wins face-off versus Branden Troock in Eagles zone.
18:36 of 2nd period - Shot by Artur Gavrus.
18:36 of 2nd period - Stopped by Cory Schneider without a rebound.
18:37 of 2nd period - Brayden Burke wins face-off versus Gregory Hofmann in Eagles zone.
18:41 of 2nd period - Icing by Danil Zhuravlyov.
18:42 of 2nd period - Tyler Bozak wins face-off versus Gregory Hofmann in Eagles zone.
18:44 of 2nd period - Icing by Brayden Burke.
18:45 of 2nd period - Tyler Bozak wins face-off versus Gregory Hofmann in Eagles zone.
18:50 of 2nd period - Shot by Danil Zhuravlyov.
18:50 of 2nd period - Shot Misses the Net.
18:53 of 2nd period - Icing by Louie Belpedio.
18:54 of 2nd period - Gregory Hofmann wins face-off versus David Gustafsson in Wolves zone.
19:15 of 2nd period - Shot by William Lockwood.
19:15 of 2nd period - Stopped by Felix Sandström without a rebound.
19:16 of 2nd period - Luke Glendening wins face-off versus Tanner Kero in Wolves zone.
19:20 of 2nd period - Luke Glendening is hit by Radim Simek and loses puck.
19:48 of 2nd period - Niklas Hansson is hit by Jamie Devane and loses puck.
Goals for this period are 2 for Eagles vs 1 for Wolves.
Shots for this period are 13 for Eagles vs 13 for Wolves.

3rd period


0:01 of 3rd period - Cooper Marody wins face-off versus Gregory Hofmann in neutral zone.
0:06 of 3rd period - Icing by Jack Rodewald.
0:07 of 3rd period - Gregory Hofmann wins face-off versus Luke Glendening in Wolves zone.
0:07 of 3rd period - Gregory Hofmann is hit by Leo Komarov.
0:27 of 3rd period - Shot by Gregory Hofmann.
0:27 of 3rd period - Stopped by Cory Schneider without a rebound.
0:28 of 3rd period - David Gustafsson wins face-off versus Tanner Kero in Eagles zone.
0:30 of 3rd period - Icing by William Lockwood.
0:31 of 3rd period - David Gustafsson wins face-off versus Tanner Kero in Eagles zone.
1:28 of 3rd period - Icing by Mitchell Vande Sompel.
1:29 of 3rd period - Luke Glendening wins face-off versus Brett Seney in Wolves zone.
1:30 of 3rd period - Shot by Cooper Marody.
1:30 of 3rd period - Stopped by Felix Sandström without a rebound.
1:31 of 3rd period - Luke Glendening wins face-off versus Gregory Hofmann in Wolves zone.
1:40 of 3rd period - Shot by Leo Komarov.
1:40 of 3rd period - Shot Misses the Net.
1:48 of 3rd period - Shot by Leo Komarov.
1:48 of 3rd period - Stopped by Felix Sandström without a rebound.
1:49 of 3rd period - Tyler Bozak wins face-off versus Mark Jankowski in Wolves zone.
1:52 of 3rd period - Shot by Branden Troock.
1:52 of 3rd period - Stopped by Felix Sandström without a rebound.
1:53 of 3rd period - Brett Seney wins face-off versus Luke Glendening in Wolves zone.
2:16 of 3rd period - Shot by Luke Glendening.
2:16 of 3rd period - Shot Misses the Net.
2:18 of 3rd period - Shot by Luke Glendening.
2:18 of 3rd period - Shot Blocked by Mitchell Vande Sompel.
2:20 of 3rd period - Shot by Leo Komarov.
2:20 of 3rd period - Stopped by Felix Sandström with a rebound.
2:47 of 3rd period - Jacob Peterson is hit by Radim Simek and loses puck.
2:53 of 3rd period - Minor Penalty to Radim Simek for Holding.
2:54 of 3rd period - David Gustafsson wins face-off versus David Cotton in Wolves zone.
3:09 of 3rd period - Shot by David Gustafsson.
3:09 of 3rd period - Stopped by Felix Sandström without a rebound.
3:10 of 3rd period - Luke Glendening wins face-off versus Brett Seney in Wolves zone.
3:19 of 3rd period - Shot by Dan Renouf.
3:19 of 3rd period - Shot Misses the Net.
3:21 of 3rd period - Shot by Mark Giordano.
3:21 of 3rd period - Shot Misses the Net.
3:23 of 3rd period - Shot by Dan Renouf.
3:23 of 3rd period - Stopped by Felix Sandström with a rebound.
3:25 of 3rd period - Shot by Luke Glendening.
3:25 of 3rd period - Stopped by Felix Sandström without a rebound.
3:26 of 3rd period - William Lockwood wins face-off versus Jack Rodewald in Wolves zone.
3:31 of 3rd period - Shot by William Lockwood.
3:31 of 3rd period - Shot Misses the Net.
3:39 of 3rd period - Shot by David Gustafsson.
3:39 of 3rd period - Stopped by Felix Sandström with a rebound.
3:47 of 3rd period - Shot by William Lockwood.
3:47 of 3rd period - Shot Blocked by Matt Tennyson.
4:06 of 3rd period - Icing by David Gustafsson.
4:07 of 3rd period - William Lockwood wins face-off versus Brett Seney in Eagles zone.
4:21 of 3rd period - Icing by Marc-Edouard Vlasic.
4:22 of 3rd period - David Gustafsson wins face-off versus Brett Seney in Eagles zone.
4:56 of 3rd period - Brayden Burke is hit by Matt Tennyson and loses puck.
5:01 of 3rd period - Shot by Branden Troock.
5:01 of 3rd period - Shot Blocked by Tanner Kero.
5:03 of 3rd period - Shot by Tyler Bozak.
5:03 of 3rd period - Shot Blocked by Ryan Stanton.
5:47 of 3rd period - Shot by Luke Glendening.
5:47 of 3rd period - Stopped by Felix Sandström without a rebound.
5:48 of 3rd period - Luke Glendening wins face-off versus Mark Jankowski in Wolves zone.
6:02 of 3rd period - Tommy Cross is hit by Leo Komarov and loses puck.
6:23 of 3rd period - Shot by Leo Komarov.
6:23 of 3rd period - Deflect By Cooper Marody.
6:23 of 3rd period - Shot Misses the Net.
6:41 of 3rd period - Radim Simek is hit by Leo Komarov and loses puck.
6:58 of 3rd period - Shot by David Gustafsson.
6:58 of 3rd period - Shot Misses the Net.
7:00 of 3rd period - Shot by Jacob Peterson.
7:00 of 3rd period - Shot Misses the Net.
7:02 of 3rd period - Shot by William Lockwood.
7:02 of 3rd period - Shot Blocked by Radim Simek.
7:04 of 3rd period - Shot by Marc-Edouard Vlasic.
7:04 of 3rd period - Shot Blocked by Radim Simek.
7:06 of 3rd period - Shot by Jacob Peterson.
7:06 of 3rd period - Deflect By William Lockwood.
7:06 of 3rd period - Stopped by Felix Sandström without a rebound.
7:07 of 3rd period - Tyler Bozak wins face-off versus David Cotton in Wolves zone.
7:08 of 3rd period - Shot by Brayden Burke.
7:08 of 3rd period - Shot Misses the Net.
7:10 of 3rd period - Shot by Niklas Hansson.
7:10 of 3rd period - Shot Misses the Net.
7:18 of 3rd period - Shot by Tyler Bozak.
7:18 of 3rd period - Deflect By Brayden Burke.
7:18 of 3rd period - Stopped by Felix Sandström without a rebound.
7:19 of 3rd period - Tanner Kero wins face-off versus David Gustafsson in Wolves zone.
7:34 of 3rd period - Shot by Tanner Kero.
7:34 of 3rd period - Shot Misses the Net.
7:42 of 3rd period - Shot by Garrett Mitchell.
7:42 of 3rd period - Goal by Garrett Mitchell - Eagles : 4 - Wolves : 4.
7:43 of 3rd period - Branden Troock wins face-off versus Gregory Hofmann in neutral zone.
8:20 of 3rd period - Shot by Gregory Hofmann.
8:20 of 3rd period - Stopped by Cory Schneider without a rebound.
8:21 of 3rd period - Luke Glendening wins face-off versus Tanner Kero in Eagles zone.
8:21 of 3rd period - Luke Glendening is hit by Jamie Devane.
8:22 of 3rd period - Minor Penalty to Jamie Devane for High sticking.
8:23 of 3rd period - Luke Glendening wins face-off versus Brett Seney in Wolves zone.
8:29 of 3rd period - Shot by Cooper Marody.
8:29 of 3rd period - Goal by Cooper Marody - Eagles : 5 - Wolves : 4.
8:30 of 3rd period - Tanner Kero wins face-off versus Luke Glendening in neutral zone.
8:30 of 3rd period - Mitchell Vande Sompel is hit by Leo Komarov and loses puck.
8:52 of 3rd period - Shot by Garrett Mitchell.
8:52 of 3rd period - Stopped by Cory Schneider with a rebound.
8:56 of 3rd period - Shot by Tanner Kero.
8:56 of 3rd period - Stopped by Cory Schneider without a rebound.
8:57 of 3rd period - David Gustafsson wins face-off versus Gregory Hofmann in Eagles zone.
8:57 of 3rd period - David Gustafsson is hit by Jack Rodewald.
9:21 of 3rd period - Shot by Jacob Peterson.
9:21 of 3rd period - Shot Misses the Net.
9:23 of 3rd period - Shot by Ty Emberson.
9:23 of 3rd period - Stopped by Felix Sandström with a rebound.
9:25 of 3rd period - Shot by Marc-Edouard Vlasic.
9:25 of 3rd period - Shot Misses the Net.
9:27 of 3rd period - Shot by William Lockwood.
9:27 of 3rd period - Shot Misses the Net.
9:29 of 3rd period - Shot by Ty Emberson.
9:29 of 3rd period - Shot Blocked by Matt Tennyson.
9:55 of 3rd period - Radim Simek is hit by Luke Glendening and loses puck.
10:00 of 3rd period - Shot by Leo Komarov.
10:00 of 3rd period - Stopped by Felix Sandström with a rebound.
10:02 of 3rd period - Shot by Leo Komarov.
10:02 of 3rd period - Shot Blocked by Radim Simek.
10:06 of 3rd period - Shot by Luke Glendening.
10:06 of 3rd period - Stopped by Felix Sandström without a rebound.
10:07 of 3rd period - Mark Jankowski wins face-off versus Tyler Bozak in Wolves zone.
10:12 of 3rd period - Shot by Artur Gavrus.
10:12 of 3rd period - Stopped by Cory Schneider without a rebound.
10:13 of 3rd period - Tyler Bozak wins face-off versus Tanner Kero in Eagles zone.
10:26 of 3rd period - Tanner Kero is hit by Branden Troock.
10:43 of 3rd period - Shot by Tyler Bozak.
10:43 of 3rd period - Stopped by Felix Sandström with a rebound.
10:52 of 3rd period - Icing by Danil Zhuravlyov.
10:53 of 3rd period - Tyler Bozak wins face-off versus Gregory Hofmann in Eagles zone.
10:53 of 3rd period - Brayden Burke is hit by Jack Rodewald and loses puck.
10:59 of 3rd period - Brayden Burke is hit by Louie Belpedio and loses puck.
11:14 of 3rd period - Shot by Gregory Hofmann.
11:14 of 3rd period - Stopped by Cory Schneider with a rebound.
11:26 of 3rd period - Shot by Brett Seney.
11:26 of 3rd period - Goal by Brett Seney - Eagles : 5 - Wolves : 5.
11:27 of 3rd period - Mark Jankowski wins face-off versus David Gustafsson in neutral zone.
11:27 of 3rd period - Mark Jankowski is hit by William Lockwood.
12:10 of 3rd period - Icing by Ty Emberson.
12:11 of 3rd period - David Gustafsson wins face-off versus Gregory Hofmann in Eagles zone.
12:11 of 3rd period - David Gustafsson is hit by Jack Rodewald.
12:45 of 3rd period - Shot by Cooper Marody.
12:45 of 3rd period - Deflect By Luke Glendening.
12:45 of 3rd period - Stopped by Felix Sandström without a rebound.
12:46 of 3rd period - Tyler Bozak wins face-off versus Tanner Kero in Wolves zone.
12:47 of 3rd period - Shot by Brayden Burke.
12:47 of 3rd period - Stopped by Felix Sandström without a rebound.
12:48 of 3rd period - Tyler Bozak wins face-off versus Tanner Kero in Wolves zone.
13:04 of 3rd period - Tommy Cross is hit by Brayden Burke.
13:32 of 3rd period - Icing by Tommy Cross.
13:33 of 3rd period - Luke Glendening wins face-off versus Tanner Kero in Wolves zone.
13:34 of 3rd period - Shot by Cooper Marody.
13:34 of 3rd period - Shot Misses the Net.
13:36 of 3rd period - Shot by Leo Komarov.
13:36 of 3rd period - Stopped by Felix Sandström without a rebound.
13:37 of 3rd period - Gregory Hofmann wins face-off versus Leo Komarov in Wolves zone.
13:37 of 3rd period - Gregory Hofmann is hit by Leo Komarov.
13:45 of 3rd period - Shot by Brett Seney.
13:45 of 3rd period - Shot Misses the Net.
14:06 of 3rd period - Brett Seney is hit by Leo Komarov and loses puck.
14:39 of 3rd period - Shot by Artur Gavrus.
14:39 of 3rd period - Deflect By Scott Kosmachuk.
14:39 of 3rd period - Stopped by Cory Schneider without a rebound.
14:40 of 3rd period - David Cotton wins face-off versus David Gustafsson in Eagles zone.
14:51 of 3rd period - Shot by Jens Looke.
14:51 of 3rd period - Stopped by Cory Schneider without a rebound.
14:52 of 3rd period - Tyler Bozak wins face-off versus Tanner Kero in Eagles zone.
16:05 of 3rd period - Shot by Gregory Hofmann.
16:05 of 3rd period - Shot Blocked by Marc-Edouard Vlasic.
16:25 of 3rd period - Shot by Leo Komarov.
16:25 of 3rd period - Shot Misses the Net.
16:27 of 3rd period - Shot by Leo Komarov.
16:27 of 3rd period - Stopped by Felix Sandström without a rebound.
16:28 of 3rd period - Luke Glendening wins face-off versus Mark Jankowski in Wolves zone.
16:28 of 3rd period - Luke Glendening is hit by Louie Belpedio.
16:33 of 3rd period - Icing by Mark Jankowski.
16:34 of 3rd period - Luke Glendening wins face-off versus Mark Jankowski in Wolves zone.
16:47 of 3rd period - Shot by Luke Glendening.
16:47 of 3rd period - Stopped by Felix Sandström with a rebound.
16:57 of 3rd period - Leo Komarov is hit by Artur Gavrus and loses puck.
17:05 of 3rd period - Cooper Marody is hit by Louie Belpedio and loses puck.
17:37 of 3rd period - Icing by Ryan Stanton.
17:38 of 3rd period - Tanner Kero wins face-off versus David Gustafsson in Wolves zone.
17:38 of 3rd period - Tanner Kero is hit by William Lockwood.
17:55 of 3rd period - Shot by Tanner Kero.
17:55 of 3rd period - Shot Misses the Net.
18:07 of 3rd period - Jamie Devane is hit by William Lockwood and loses puck.
18:31 of 3rd period - Off-side.
18:32 of 3rd period - Tyler Bozak wins face-off versus Gregory Hofmann in neutral zone.
19:21 of 3rd period - Icing by Niklas Hansson.
19:22 of 3rd period - Tyler Bozak wins face-off versus Adam Helewka in Eagles zone.
19:35 of 3rd period - Shot by Jens Looke.
19:35 of 3rd period - Shot Misses the Net.
19:45 of 3rd period - Shot by David Cotton.
19:45 of 3rd period - Shot Blocked by Niklas Hansson.
19:55 of 3rd period - Shot by Jens Looke.
19:55 of 3rd period - Shot Misses the Net.
19:57 of 3rd period - Shot by Tommy Cross.
19:57 of 3rd period - Shot Misses the Net.
19:59 of 3rd period - Shot by Louie Belpedio.
19:59 of 3rd period - Stopped by Cory Schneider without a rebound.
Goals for this period are 1 for Eagles vs 2 for Wolves.
Shots for this period are 21 for Eagles vs 11 for Wolves.

Overtime #1


0:01 of 1st overtime period - Tanner Kero wins face-off versus Leo Komarov in neutral zone.
0:08 of 1st overtime period - Shot by David Cotton.
0:08 of 1st overtime period - Shot Misses the Net.
0:16 of 1st overtime period - Shot by Leo Komarov.
0:16 of 1st overtime period - Goal by Leo Komarov - Eagles : 6 - Wolves : 5.
Goals for this period are 1 for Eagles vs 0 for Wolves.
Shots for this period are 1 for Eagles vs 0 for Wolves.